 Dungeon Crawl Stone Soup version 0.31.0-11-ge490571c62 (webtiles) character file.

Game seed: 5004532214021023427

219 qw the Skirmisher (level 5, -2/30 HPs)
             Began as a Deep Elf Hunter on Feb 4, 2024.
             Slain by a gnoll
             ... wielding a +0 halberd
              (14 damage)
             ... on level 3 of the Dungeon.
             The game lasted 00:00:12 (2111 turns).

qw the Skirmisher (Deep Elf Hunter)                 Turns: 2111, Time: 00:00:13

Health: -2/30      AC:  6    Str: 10    XL:     5   Next: 63%
Magic:  7/7        EV:  6    Int: 14    God:
Gold:   200        SH:  0    Dex: 18    Spells: 4/4 levels left

rFire   . . .        a - +0 shortbow
rCold   . . .        (shield currently unavailable)
rNeg    . . .        e - +0 ring mail
rPois   .            (no helmet)
rElec   .            (no cloak)
rCorr   .            (no gloves)
SInv    .            d - +0 pair of boots
Will    .....        b - amulet of regeneration
Stlth   +            (no ring)
HPRegen 1.05/turn    (no ring)
MPRegen 0.10/turn

%: no passive effects
@: held
A: no striking features
a: no special abilities


You were on level 3 of the Dungeon.
You visited 1 branch of the dungeon, and saw 3 of its levels.

You collected 200 gold pieces.


   Skills:
 + Level 1.9 Fighting
 - Level 9.0 Ranged Weapons
 - Level 2.4 Dodging
 - Level 1.2 Stealth


You had 4 spell levels left.
You didn't know any spells.
Your spell library was empty.

Inventory:

Hand Weapons
 a - a +0 shortbow (weapon)
Armour
 d - a +0 pair of boots (worn)
 e - a +0 ring mail (worn)
 h - a +0 helmet of intelligence
Jewellery
 b - an amulet of regeneration (around neck)
Scrolls
 i - a scroll of enchant armour {unknown}
 k - a scroll of brand weapon {unknown}
Potions
 c - a potion of might
 f - 2 potions of curing
 g - a potion of heal wounds {unknown}
 j - a potion of lignification {unknown}

Dungeon Overview and Level Annotations

Branches:
Dungeon (3/15)

Altars:
Zin


Message History

A gnoll comes into view. It is wielding a +0 flail.
The gnoll shouts!
You hear a shout!
A gnoll comes into view. It is wielding a +0 halberd.
A gnoll comes into view.
It is wielding a +0 halberd and quivering a throwing net.
You shoot an arrow. The arrow closely misses the gnoll.
The gnoll hits the plant with a +0 halberd.
The plant begins to die.
You shoot an arrow. The arrow hits the gnoll.
The gnoll is lightly wounded.
You shoot an arrow. The arrow hits the gnoll.
The gnoll is heavily wounded.
An orc comes into view. It is wielding a +0 trident.
You shoot an arrow. The orc shouts!
The arrow hits the gnoll.
The gnoll is heavily wounded.
The gnoll hits the plant with a +0 halberd!!
The plant begins to die.
You shoot an arrow. The arrow closely misses the gnoll.
The gnoll hits the plant with a +0 halberd!
You shoot an arrow. The arrow closely misses the gnoll.
A nearby plant withers and dies.
The gnoll hits you with a +0 flail.
The gnoll hits the plant with a +0 halberd!
You shoot an arrow. The arrow hits the gnoll!
You kill the gnoll!
You shoot an arrow. The arrow hits the gnoll.
The gnoll is lightly wounded.
The gnoll closely misses you.
You shoot an arrow. The arrow hits the gnoll.
The gnoll is heavily wounded.
A nearby plant withers and dies.
The orc hits you from afar with a +0 trident.
The gnoll hits you from afar with a +0 halberd!
The gnoll throws a throwing net.
The throwing net hits you.
You become entangled in the net!
The orc hits you from afar with a +0 trident.
You struggle against the net.
The orc barely misses you.
The gnoll hits you from afar with a +0 halberd!
You die...

#........# #......[.#
#........#
#################.......#..
................%%.......>.
####....####...............
####....# ########.#####+#
........# #...).........
........# #.P@PPPPP.P...
........# #.P.)o....P...
........# #.PgP...P.P...
......### #.P.P._.P.....
......# ...PgP...P.P...
......# ..#.P=......P(+#
...^..# ###.P..PPP..P..
......# #.......... #..####


You could see 2 gnolls and an orc.

Vanquished Creatures
  A bombardier beetle (D:3)
  A hound (D:2)
  Jessica (D:2)
  Robin (D:3)
  4 adders
  A gnoll (D:3)
  2 dart slugs
  A ribbon worm (D:2)
  3 orcs (D:2)
  4 endoplasms
  8 goblins (D:3)
  8 hobgoblins
  2 jackals (D:1)
  3 quokkas
  4 ball pythons
  7 bats
  5 frilled lizards
  6 kobolds
  5 rats
67 creatures vanquished.

Notes
Turn   | Place    | Note
-------+----------+-------------------------------------------
     0 | D:1      | qw the Deep Elf Hunter began the quest for the Orb.
     0 | D:1      | Reached XP level 1. HP: 12/12 MP: 3/3
     0 | D:1      | 0 ||| qw: Version: 0.3-a-160-g6735b56
     0 | D:1      | 0 ||| qw: Game counter: 5997
     0 | D:1      | 0 ||| qw: Melee chars always use a shield: true
     0 | D:1      | 0 ||| qw: God list: Okawaru
     0 | D:1      | 0 ||| qw: Allow faded altars: false
     0 | D:1      | 0 ||| qw: Do Orc after clearing Dungeon:15 true
     0 | D:1      | 0 ||| qw: Do second Lair branch before Depths: true
     0 | D:1      | 0 ||| qw: Lair rune preference: random
     0 | D:1      | 0 ||| qw: Goals: Normal
     0 | D:1      | 0 ||| PLANNING D:1-11
    86 | D:1      | You fall into a shaft and drop 1 floor!
   127 | D:2      | Reached XP level 2. HP: 16/16 MP: 4/4
   146 | D:2      | HP: 2/16 [rat (3)]
   148 | D:2      | Reached skill level 6 in Ranged Weapons
   287 | D:2      | 287 ||| UPGRADING to +0 ring mail.
   293 | D:2      | Reached XP level 3. HP: 20/20 MP: 5/5
   293 | D:2      | 293 ||| UPGRADING to +0 ring mail.
   303 | D:2      | 303 ||| DROPPING +0 leather armour.
   304 | D:2      | 304 ||| READING scroll labelled RYPETHR ZICIWKE.
   305 | D:2      | 305 ||| DROPPING scroll of butterflies.
   812 | D:1      | 812 ||| UPGRADING to +0 pair of boots.
   817 | D:1      | 817 ||| UPGRADING to amulet of regeneration.
   822 | D:1      | 822 ||| DRINKING 2 white potions.
   823 | D:1      | 823 ||| DRINKING 2 sedimented emerald potions.
   927 | D:1      | 927 ||| DROPPING potion of berserk rage.
  1148 | D:2      | Reached skill level 7 in Ranged Weapons
  1213 | D:2      | Noticed Jessica
  1218 | D:2      | Killed Jessica
  1219 | D:2      | Reached XP level 4. HP: 25/25 MP: 6/6
  1734 | D:2      | Reached skill level 8 in Ranged Weapons
  1878 | D:2      | 1878 ||| READING scroll labelled KUCSOIG NEKOUW.
  1879 | D:2      | 1879 ||| READING scroll labelled CUICEF CAAL.
  1882 | D:2      | 1882 ||| READING scroll labelled JOJUBLYNYM.
  1882 | D:2      | 1882 ||| IDENTIFYING lumpy pink potion
  1883 | D:2      | 1883 ||| DRINKING 2 orange potions.
  1884 | D:2      | 1884 ||| DROPPING potion of degeneration.
  1958 | D:3      | Reached XP level 5. HP: 29/29 MP: 7/7
  1964 | D:3      | Noticed Robin
  1973 | D:3      | Killed Robin
  2072 | D:3      | Reached skill level 9 in Ranged Weapons
  2092 | D:3      | Found a glowing silver altar of Zin.
  2111 | D:3      | Slain by a gnoll

Levels and vault maps discovered:
D:1:      wander_arrival_desolate, layout_basic, minmay_misc_feat_more_columns
D:2:      layout_basic, minmay_door_square, kennysheep_big_empty_room,
          serial_bayou_lagoon_a, minmay_heptomino_h4, uniq_jessica
D:3:      layout_basic, mainiacjoe_overflow_cross_hatched, uniq_robin

Skill      XL: |  1  2  3  4  5 |
---------------+----------------+-----
Ranged Weapons | 6 7 8 9 |  9.0
Fighting       | |  1.9
Dodging        | |  2.4
Stealth        | |  1.2

Action                     |  1- 3 |  4- 6 || total
---------------------------+-------+-------++-------
   Fire: Shortbow          |    92 |   108 ||   200
    Use: Potion            |     2 |     1 ||     3
         Scroll            |     1 |     3 ||     4
 Armour: Leather armour    |    10 |       ||    10
         Ring mail         |    12 |    20 ||    32
  Dodge: Dodged            |    21 |    17 ||    38

Table legend:
 A = Non-vault XP
 B = Vault XP
 C = Vault XP percentage of total XP
 D = Non-vault monster count
 E = Vault monster count
 F = Vault count percentage of total count
                 A         B        C        D         E       F
            +---------+---------+-------+---------+---------+-------
      Total |     221 |      92 |  29.4 |      51 |      16 |  23.9
            +---------+---------+-------+---------+---------+-------
        D:1 |      24 |       0 |   0.0 |      17 |       0 |   0.0
        D:2 |     109 |      54 |  33.1 |      24 |       4 |  14.3
        D:3 |      88 |      38 |  30.2 |      10 |      12 |  54.5
            +---------+---------+-------+---------+---------+-------
